 Dungeon Crawl Stone Soup version 0.30-b1-2-g02819fbbbe (webtiles) character file.

Game seed: 9271486383891629257

217332 DavidChitty2 the Evangelist (level 18, -10/176 HPs)
             Began as a Hill Orc Fighter on May 16, 2023.
             Was an Elder of Beogh.
             Mangled by a yaktaur captain (21 damage)
             ... on level 1 of the Vaults.
             The game lasted 00:46:23 (33902 turns).

DavidChitty2 the Evangelist (Hill Orc Fighter)     Turns: 33902, Time: 00:46:24

Health: -10/176    AC: 31    Str: 27    XL:     18   Next: 57%
Magic:  24/32      EV:  9    Int: 10    God:    Beogh [****..]
Gold:   4396       SH: 18    Dex: 10    Spells: 17/17 levels left

rFire   x . .        a - +2 broad axe (flame)
rCold   + + .        o - +1 kite shield {AC+3}
rNeg    + . .        A - +5 ice dragon scales "Giteon" {rElec rPois rF- rC++ rCorr}
rPois   +            V - +1 helmet
rElec   +            U - scarf "Niek" {+Inv, rN+ Int+2}
rCorr   +            u - +1 pair of gloves
SInv    .            G - +0 pair of boots
Will    ++...        m - amulet of reflection Stlth
                     P - ring of willpower
HPRegen 0.49/turn    D - +4 ring of slaying
MPRegen 0.23/turn

%: reflection
@: no status effects
A: no striking features
}: 2/15 runes: decaying, gossamer
a: Renounce Religion, Evoke Invisibility, Smiting, Recall Orcish Followers


You were on level 1 of the Vaults.
You worshipped Beogh.
Beogh was greatly pleased with you.
You visited 6 branches of the dungeon, and saw 32 of its levels.

You collected 4643 gold pieces.
You spent 247 gold pieces at shops.

Inventory:

Hand Weapons
 a - a +2 broad axe of flaming (weapon)
   (You took it off Maggie on level 2 of the Lair of Beasts)
 l - the +7 flail "Dyteepn" {heavy, rPois rC- Str+3}
   (You found it on level 3 of the Spider Nest)

   Str:       It affects your strength (+3).
   rC:        It makes you vulnerable to cold.
   rPois:     It protects you from poison.
 T - the +3 falchion of War {flame, +Blink rElec}
   (You found it on level 2 of the Spider Nest)

   rElec:     It insulates you from electricity.
   +Blink:    It lets you blink.
Missiles
 F - 3 throwing nets (quivered) {!f}
Armour
 o - a +1 kite shield of protection (worn)
   (You bought it in a shop on level 2 of the Orcish Mines)
 u - a +1 pair of gloves (worn)
   (You found it on level 3 of the Dungeon)
 A - the +5 ice dragon scales "Giteon" (worn) {rElec rPois rF- rC++ rCorr}
   (You acquired it on level 7 of the Dungeon)

   rF:        It makes you vulnerable to fire.
   rC:        It greatly protects you from cold.
   rElec:     It insulates you from electricity.
   rPois:     It protects you from poison.
   rCorr:     It protects you from acid and corrosion.
 G - a +0 pair of boots (worn)
   (You found it on level 8 of the Dungeon)
 U - the scarf "Niek" (worn) {+Inv, rN+ Int+2}
   (You found it on level 2 of the Spider Nest)

   Int:       It affects your intelligence (+2).
   rN:        It protects you from negative energy.
 V - a +1 helmet (worn)
   (You found it on level 2 of the Spider Nest)
Jewellery
 b - a ring of flight
   (You found it on level 2 of the Lair of Beasts)
 g - a ring of resist corrosion
   (You found it on level 5 of the Dungeon)
 m - an amulet of reflection (around neck)
   (You found it on level 5 of the Dungeon)
 z - a ring of see invisible
   (You took it off a wight on level 9 of the Dungeon)
 D - a +4 ring of slaying (right hand)
   (You found it on level 8 of the Dungeon)
 I - a ring of poison resistance
   (You found it on level 11 of the Dungeon)
 P - a ring of willpower (left hand)
   (You found it on level 13 of the Dungeon)
Wands
 c - a wand of quicksilver (7)
   (You found it on level 10 of the Dungeon)
 d - a wand of iceblast (34)
   (You found it on level 7 of the Dungeon)
 t - a wand of flame (62)
   (You found it on level 7 of the Dungeon)
 v - a wand of digging (26)
   (You found it on level 2 of the Lair of Beasts)
 y - a wand of polymorph (10)
   (You found it on level 6 of the Dungeon)
 L - a wand of charming (14)
   (You found it on level 1 of the Spider Nest)
 O - a wand of mindburst (6)
   (You found it on level 4 of the Lair of Beasts)
Scrolls
 e - 2 scrolls of poison
 k - 20 scrolls of identify {@r1}
 q - 7 scrolls of fear
 x - 3 scrolls of immolation {!r}
 C - 9 scrolls of teleportation {@r4}
 H - 3 scrolls of vulnerability {!r}
 J - 4 scrolls of magic mapping
 N - 3 scrolls of fog
 Q - 5 scrolls of enchant armour
Potions
 f - 6 potions of attraction {!q}
 i - 5 potions of lignification {!q}
 j - 5 potions of flight
 n - 8 potions of ambrosia
 r - 3 potions of resistance
 s - 3 potions of invisibility
 B - 7 potions of might
 E - 4 potions of curing {@q1}
 K - 8 potions of haste {@q3}
 M - 6 potions of mutation {!q}
 R - 6 potions of brilliance
Miscellaneous
 S - a phantom mirror
   (You found it on level 1 of the Spider Nest)


   Skills:
 + Level 19.1 Fighting
 - Level 18.0 Axes
 + Level 17.6 Armour
 - Level 15.0 Shields
 + Level 20.2 Invocations


You had 17 spell levels left.
You didn't know any spells.
Your spell library contained the following spells:

 Spells                   Type           Power      Damage    Failure   Level
 Freeze                   Ice            0%         1d3       71%         1
 Cigotuvi's Dreadful Rot  Necr/Pois/Air  0%         N/A       83%         2
 Ensorcelled Hibernation  Hex/Ice        0%         N/A       83%         2
 Passwall                 Tmut/Erth      0%         N/A       83%         2
 Scorch                   Fire           0%         2d5       83%         2
 Sublimation of Blood     Necr           0%         N/A       83%         2
 Wereblood                Tmut           0%         N/A       83%         2
 Frozen Ramparts          Ice            0%         1d1       97%         3
 Gell's Gravitas          Tloc           0%         N/A       97%         3
 Hailstorm                Conj/Ice       0%         3d3       97%         3
 Ignite Poison            Fire/Tmut/Pois 0%         N/A       97%         3
 Stone Arrow              Conj/Erth      0%         3d7       97%         3
 Summon Guardian Golem    Hex/Summ       0%         N/A       97%         3
 Swiftness                Air            0%         N/A       97%         3
 Teleport Other           Tloc           0%         N/A       97%         3
 Animate Armour           Summ/Erth      0%         N/A       100%        4
 Animate Dead             Necr           0%         N/A       100%        4
 Dispel Undead            Necr           0%         3d6       100%        4
 Flame Wave               Conj/Fire      0%         2d4       100%        4
 Ice Form                 Ice/Tmut       0%         N/A       100%        4
 Sticky Flame             Conj/Fire      0%         2d3       100%        4
 Summon Ice Beast         Ice/Summ       0%         N/A       100%        4
 Borgnjor's Vile Clutch   Necr/Erth      0%         N/A       100%        5
 Fireball                 Conj/Fire      0%         3d3       100%        5
 Iskenderun's Battlesphe  Conj           0%         2d6       100%        5
 Summon Forest            Summ/Tloc      0%         N/A       100%        5
 Summon Mana Viper        Hex/Summ       0%         N/A       100%        5
 Conjure Ball Lightning   Conj/Air       0%         3x3d6     100%        6
 Death Channel            Necr           0%         N/A       100%        6
 Dispersal                Tloc           0%         N/A       100%        6
 Summon Cactus Giant      Summ           0%         N/A       100%        6
 Orb of Destruction       Conj           0%         9d5       100%        7
 Spellforged Servitor     Conj/Summ      0%         N/A       100%        7
 Summon Hydra             Summ           0%         N/A       100%        7
 Ignition                 Fire           0%         3d3       100%        8
 Lehudib's Crystal Spear  Conj/Erth      0%         10d2      100%        8


Dungeon Overview and Level Annotations

Branches:
Dungeon (15/15)            Temple (0/1) D:6            Lair (5/5) D:10
  Swamp (4/4) Lair:3       Spider (4/4) Lair:3        Slime (0/5) Lair:4
    Orc (2/2) D:10            Elf (0/3) Orc:2        Vaults (2/5) D:14
 Depths (0/4) D:15
  Crypt: Vaults:2-3

Altars:
Gozag
Makhleb
Okawaru
Qazlal
Trog
The Shining One
Beogh

Shops:
D:9 (   D:12 *   Orc:2 [[:**

Annotations:
D:7 3 runed translucent doors, eelars's ghost, novice MiFi
D:11 3 runed translucent doors
D:14 Roxanne
Lair:2 2 transporters, kwasso's ghost, journeyman MfSu
Lair:3 exclusion: ice statue


Message History

You are too injured to fight recklessly!
You feel extremely sick.
Smite: an orc warlord, wielding a +1 halberd of venom and wearing a +0 chain mail (strong)
You smite the orc warlord!!
You feel very sick.
You block the ironbound convoker's attack.
Your orc knight hits the orc warlord with a +0 dire flail!!
Your orc knight hits the orc warlord with a +0 long sword!
The orc warlord hits your orc knight with a +1 halberd of venom!!
Your orc knight dies!
You barely miss the ironbound convoker.
You feel very sick.
The ironbound convoker hits you but does no damage.
Your orc knight completely misses the orc warlord.
The orc warlord hits you from afar with a +1 halberd of venom!!
* * * LOW HITPOINT WARNING * * *
You feel better.
The ironbound convoker hits you but does no damage.
Your orc knight hits the orc warlord with a +0 dire flail.
The orc warlord hits your orc knight with a +1 halberd of venom!
Your orc knight is poisoned.
An ironbound thunderhulk comes into view.
It is wielding a +0 dire flail.
Smite: an orc warlord, wielding a +1 halberd of venom and wearing a +0 chain mail (heavily wounded, strong, not watching you, ally target)
You smite the orc warlord!!!
The ironbound convoker begins to recite a word of recall!
The yaktaur captain hits you but does no damage.
Your orc knight misses the orc warlord.
You block the orc warlord's attack.
Electricity crackles from the ironbound thunderhulk's apparatus.
The bolt of lightning hits your orc knight!!!
Your orc knight dies!
Smite: an orc warlord, wielding a +1 halberd of venom and wearing a +0 chain mail (almost dead, strong)
You smite the orc warlord!!!
You kill the orc warlord!
Beogh accepts your kill. You block the yaktaur captain's attack.
You slice the ironbound convoker!! You burn the ironbound convoker!
You barely miss the yaktaur captain. You slice the ironbound convoker!!
You burn the ironbound convoker.
You kill the ironbound convoker!
Beogh accepts your kill.
You slash the yaktaur captain! You burn the yaktaur captain.
The yaktaur captain hits you!
* * * LOW HITPOINT WARNING * * *
You open the yaktaur captain like a pillowcase!!!
You burn the yaktaur captain.
You hear a roar!
The yaktaur captain hits you!!
* * * LOW HITPOINT WARNING * * *
You feel better. The yaktaur captain hits you!!
You die...

#.....#
#.....#
#.....########
#.....#......#
#.....'......#
#.....#......#
#.....#......#
#.....#......#
#..)@.#......#
#..c).########
.'.O...).#
####.....#
#.....#
#.....#
#......
#......
#.......


You could see an ironbound thunderhulk and a yaktaur captain (strong).

Vanquished Creatures
  Asterion (Spider:4)
  2 thorn hunters (Swamp:4)
  Donald (Spider:4)
  5 emperor scorpions
  An orc warlord (Vaults:1)
  A caustic shrike zombie (D:15)
  A ghost moth (Spider:4)
  4 ironbound preservers
  2 ironbound thunderhulks
  A spark wasp (Spider:1)
  4 dire elephants (Vaults:1)
  3 bunyips
  3 eleionomae
  4 orc high priests
  An ettin (D:14)
  A fire dragon (D:14)
  A shambling mangrove (Swamp:4)
  An entropy weaver (shapeshifter) (D:15)
  2 entropy weavers (Spider:4)
  2 yaktaur captains (Vaults:1)
  2 great orbs of eyes
  17 hydras
  An ice dragon (Lair:3)
  A catoblepas (Lair:5)
  3 boulder beetles
  A ghost crab (Swamp:4)
  A jorogumo (Lair:3)
  3 death knights
  An ironbound frostheart (Vaults:2)
  A centaur warrior (D:14)
  10 death yaks
  8 two-headed ogres
  11 alligators
  3 tengu warriors (D:13)
  A spriggan berserker (Swamp:4)
  2 skysharks
  2 goliath frogs
  4 pharaoh ants
  A sun moth (Spider:1)
  Lodul (D:12)
  4 skeletal warriors (D:15)
  10 swamp dragons
  5 orb spiders
  15 deep trolls
  4 bog bodies
  An ironbound convoker (Vaults:1)
  5 lindwurms (Vaults:1)
  3 phantasmal warriors
  4 spriggan druids
  5 steelbarb worms
  A necromancer (D:15)
  A sphinx zombie (D:15)
  A deep elf pyromancer (D:14)
  7 cyclopes
  14 wolf spiders
  An orc sorcerer (Orc:1)
  A frost giant zombie (D:15)
  2 manticores
  2 will-o-the-wisps
  3 black mambas
  A moth of wrath (Spider:4)
  9 elephants
  2 vault sentinels (Vaults:2)
  6 torpor snails
  7 demonic crawlers
  2 unseen horrors (D:11)
  Maggie (Lair:2)
  2 rime drakes
  A gargoyle (D:12)
  6 cane toads
  10 komodo dragons
  2 tengu conjurers (D:13)
  2 yaktaurs (Vaults:1)
  An efreet (D:15)
  9 meliai
  A queen bee (shapeshifter) (D:14)
  4 trolls
  Prince Ribbit (D:6)
  12 polar bears
  A bloated husk (Swamp:3)
  3 raiju (Lair:5)
  3 blink frogs
  23 tarantellas
  10 hornets
  15 tyrant leeches
  A hornet (shapeshifter) (D:14)
  8 dream sheep
  15 jumping spiders
  8 slime creatures
  A centaur simulacrum (D:15)
  Sigmund (D:3)
  A shadow (D:12)
  5 wraiths
  12 culicivoras
  10 spriggans
  11 wyverns
  43 yaks
  8 basilisks
  3 steam dragons
  Grum (D:11)
  A redback (shapeshifter) (D:14)
  4 vampire mosquitoes
  34 redbacks
  3 wargs
  9 swamp worms
  4 acid dragons
  A human zombie (D:15)
  12 water moccasins
  4 hell hounds (Lair:5)
  3 swamp drakes (Swamp:4)
  7 orc warriors
  8 black bears
  A sky beast (D:7)
  7 ice beasts
  11 ogres
  21 wolves
  3 centaurs
  4 kobold brigands
  A gnoll sergeant (D:8)
  2 scorpions
  12 bullfrogs
  8 wights
  13 killer bees
  3 howler monkeys
  2 jellies (D:6)
  5 hounds
  A gnoll bouda (D:6)
  7 orc priests
  5 iguanas
  8 orc wizards
  4 hell rats (Lair:5)
  9 gnolls
  13 adders
  A shadow imp (D:5)
  6 white imps
  2 ufetubi
  2 worms
  3 dart slugs
  28 orcs
  6 endoplasms
  4 giant cockroaches
  8 goblins
  7 hobgoblins
  7 jackals
  24 kobolds
  6 ball pythons
  9 bats
  3 frilled lizards
  2 briar patches (Swamp:4)
  A bush (Lair:5)
815 creatures vanquished.

Vanquished Creatures (collateral kills)
  2 emperor scorpions (Spider:4)
  3 ghost moths (Spider:4)
  A spark wasp (Spider:1)
  2 bunyips (Swamp:2)
  An ettin (Orc:2)
  A shambling mangrove (Swamp:4)
  2 entropy weavers
  5 hydras
  A catoblepas (D:9)
  3 death yaks
  2 pharaoh ants (Spider:3)
  5 orb spiders
  6 swamp dragons (Swamp:4)
  3 orc knights (Orc:2)
  A deep elf pyromancer (D:12)
  4 wolf spiders
  2 moths of wrath
  2 black mambas (Lair:2)
  2 demonic crawlers
  4 elephants (Lair:5)
  A cane toad (Lair:2)
  A komodo dragon (Lair:1)
  A rime drake (Lair:5)
  4 meliai
  2 polar bears (Lair:5)
  8 tarantellas
  3 hornets
  A dream sheep (Lair:5)
  A raiju (Lair:5)
  6 jumping spiders
  2 slime creatures (D:13)
  2 culicivoras
  4 yaks
  2 spriggans (Swamp:2)
  2 wyverns
  A basilisk (Lair:5)
  4 redbacks
  2 vampire mosquitoes
  8 wargs
  A swamp worm (Swamp:2)
  3 water moccasins
  7 hell hounds (Lair:5)
  9 orc warriors
  A swamp drake (Swamp:4)
  4 black bears (Lair:5)
  3 ogres (D:12)
  8 wolves
  2 killer bees
  6 orc priests (Orc:2)
  2 hell rats (Lair:5)
  3 orc wizards
  11 orcs
  2 goblins (D:10)
169 creatures vanquished.

Vanquished Creatures (others)
  Urug (Spider:4)
  2 orc high priests (Swamp:4)
  16 orc knights
  3 orc sorcerers
  A spriggan druid (Swamp:1)
  3 bloated husks
  23 orc warriors
  14 orc wizards
  24 orc priests
  40 orcs
  A kobold (D:3)
  A rat (D:3)
  5 briar patches (Swamp:4)
  A bush (D:10)
  2 foxfires (Swamp:3)
  26 fungi
  59 plants
  A withered plant (D:15)
223 creatures vanquished.

Grand Total: 1207 creatures vanquished

Notes
Turn   | Place    | Note
-------+----------+-------------------------------------------
     0 | D:1      | DavidChitty2 the Hill Orc Fighter began the quest for the
                  | Orb.
     0 | D:1      | Reached XP level 1. HP: 19/19 MP: 1/1
    53 | D:1      | Reached XP level 2. HP: 23/27 MP: 2/2
   904 | D:2      | Found a burning altar of Makhleb.
   915 | D:2      | Reached XP level 3. HP: 20/33 MP: 3/3
  1117 | D:2      | Found a faded altar of an unknown god.
  1443 | D:2      | Reached XP level 4. HP: 40/40 MP: 4/4
  1611 | D:3      | Became a worshipper of Beogh the Brigand
  2292 | D:3      | Found a stormy altar of Qazlal.
  2308 | D:3      | Reached skill level 1 in Invocations
  2543 | D:3      | Noticed Sigmund
  2561 | D:3      | Killed Sigmund
  2562 | D:3      | Reached skill level 5 in Axes
  2562 | D:3      | Reached skill level 2 in Invocations
  2562 | D:3      | Reached XP level 5. HP: 24/47 MP: 4/6
  2562 | D:3      | Reached XP level 6. HP: 28/53 MP: 4/7
  2937 | D:4      | Reached * piety under Beogh
  3260 | D:4      | Noticed a black bear
  3274 | D:4      | Killed a black bear
  3275 | D:4      | Reached skill level 5 in Fighting
  3275 | D:4      | Reached XP level 7. HP: 52/61 MP: 7/9
  3447 | D:4      | Reached skill level 3 in Invocations
  3717 | D:5      | Entered Level 5 of the Dungeon
  3932 | D:5      | Found the +6 shillelagh "Devastator" {shatter}
  3941 | D:5      | Reached skill level 5 in Armour
  3941 | D:5      | Reached skill level 5 in Shields
  4287 | D:5      | Reached XP level 8. HP: 64/70 MP: 10/10
  4464 | D:6      | Reached skill level 4 in Invocations
  4509 | D:6      | Reached ** piety under Beogh
  4557 | D:6      | Noticed Prince Ribbit
  4570 | D:6      | Killed Prince Ribbit
  4897 | D:6      | Reached skill level 5 in Invocations
  5298 | D:6      | Found a staircase to the Ecumenical Temple.
  5315 | D:6      | Reached XP level 9. HP: 49/78 MP: 11/13
  6015 | D:7      | Identified a scroll of acquirement
  6015 | D:7      | Acquired the +5 ice dragon scales "Giteon" {rElec rPois rF-
                  | rC++ rCorr}
  6374 | D:7      | Reached skill level 6 in Invocations
  6452 | D:7      | Reached skill level 10 in Axes
  6624 | D:7      | Found a runed translucent gate.
  6625 | D:7      | Found a runed translucent gate.
  6626 | D:7      | Found a runed translucent gate.
  6626 | D:7      | Noticed eelars's ghost (novice MiFi)
  6627 | D:7      | Noticed a kobold demonologist
  6713 | D:7      | Reached *** piety under Beogh
  7401 | D:8      | Found an opulent altar of Gozag.
  8097 | D:8      | Reached XP level 10. HP: 88/88 MP: 15/15
  8263 | D:9      | Reached skill level 7 in Invocations
  8286 | D:9      | Identified the amulet of Juhag {Acrobat rN+ Will- Dex+4}
  8370 | D:9      | Found an iron altar of Okawaru.
  8370 | D:9      | Found a glowing golden altar of the Shining One.
  8650 | D:9      | Noticed a two-headed ogre
  8651 | D:9      | Gained Syrus as an ally
  8656 | D:9      | Killed a two-headed ogre
  8657 | D:9      | Reached skill level 8 in Invocations
  8669 | D:9      | Noticed a two-headed ogre
  8674 | D:9      | Killed a two-headed ogre
  8693 | D:9      | Reached XP level 11. HP: 53/95 MP: 15/17
  8789 | D:9      | Killed a catoblepas
  8793 | D:9      | Your ally Syrus died
  8846 | D:9      | Reached **** piety under Beogh
  9169 | D:9      | Found Gerr's Weapon Shoppe.
  9267 | D:9      | Noticed a two-headed ogre
  9275 | D:9      | Killed a two-headed ogre
  9373 | D:9      | Noticed a two-headed ogre
  9384 | D:9      | Killed a two-headed ogre
  9385 | D:9      | Reached skill level 9 in Invocations
  9568 | D:9      | Identified the +0 kite shield of Past Mistakes {-Tele rCorr
                  | MP+9 Slay+2}
  9835 | D:10     | Entered Level 10 of the Dungeon
  9908 | D:10     | Noticed a two-headed ogre
  9920 | D:10     | Killed a two-headed ogre
 10079 | D:10     | Found a staircase to the Orcish Mines.
 10372 | D:10     | Noticed a two-headed ogre
 10379 | D:10     | Killed a two-headed ogre
 10380 | D:10     | Reached skill level 10 in Fighting
 10459 | D:10     | Reached XP level 12. HP: 86/106 MP: 19/19
 10603 | D:10     | Reached skill level 10 in Invocations
 10619 | D:10     | Found a staircase to the Lair.
 11142 | D:11     | Found a runed translucent gate.
 11142 | D:11     | Found a runed translucent gate.
 11142 | D:11     | Found a runed translucent gate.
 11182 | D:11     | Noticed Urug
 11533 | D:11     | Gained Horkud as an ally
 11560 | D:11     | Reached skill level 15 in Axes
 11562 | D:11     | Reached ***** piety under Beogh
 11690 | D:11     | Noticed Grum
 11695 | D:11     | Killed Grum
 11826 | D:11     | Noticed a two-headed ogre
 11834 | D:11     | Killed a two-headed ogre
 12186 | Lair:1   | Entered Level 1 of the Lair of Beasts
 13260 | Lair:2   | Noticed Maggie
 13263 | Lair:2   | Killed Maggie
 13310 | Lair:2   | Noticed kwasso's ghost (journeyman MfSu)
 13319 | Lair:2   | Found a transporter.
 13330 | Lair:2   | Noticed a skyshark
 13431 | Lair:2   | Reached skill level 10 in Armour
 13431 | Lair:2   | Reached skill level 10 in Shields
 13476 | Lair:2   | Noticed a four-headed hydra
 13477 | Lair:2   | Noticed a death yak
 13477 | Lair:2   | Noticed a death yak
 13484 | Lair:2   | Killed a one-headed hydra
 13489 | Lair:2   | Killed a death yak
 13490 | Lair:2   | Reached skill level 11 in Invocations
 13497 | Lair:2   | Killed a death yak
 13497 | Lair:2   | Gained Bogdar as an ally
 13678 | Lair:2   | Noticed a skyshark
 13685 | Lair:2   | Killed a skyshark
 13686 | Lair:2   | Reached XP level 13. HP: 110/116 MP: 21/21
 13916 | Lair:2   | Found a transporter.
 14273 | Lair:3   | Your ally Bogdar died
 14561 | Lair:3   | Noticed an ice dragon
 14577 | Lair:3   | Killed an ice dragon
 14701 | Lair:3   | Found a hole to the Spider Nest.
 15030 | Lair:3   | Reached skill level 12 in Invocations
 15076 | Lair:3   | Found a staircase to the Swamp.
 15939 | Lair:4   | Found a bloodstained altar of Trog.
 15955 | Lair:4   | Found a staircase to the Slime Pits.
 16236 | Lair:4   | Reached XP level 14. HP: 105/127 MP: 23/23
 16721 | Lair:5   | Entered Level 5 of the Lair of Beasts
 17060 | Lair:5   | Reached skill level 13 in Invocations
 17328 | Lair:5   | Reached ****** piety under Beogh
 17671 | Lair:5   | Gained Bogfrid as an ally
 17681 | Lair:5   | Your ally Bogfrid died
 18145 | D:12     | Acquired 1116 gold pieces
 18155 | D:12     | Noticed Lodul
 18167 | D:12     | Killed Lodul
 18371 | D:12     | Found Xihis's Pet Rocks.
 18392 | D:12     | Reached skill level 14 in Invocations
 19042 | D:13     | Reached XP level 15. HP: 117/137 MP: 25/25
 20267 | D:14     | Noticed Roxanne
 20279 | D:14     | Your ally Horkud died
 20360 | D:14     | Gained Borgun as an ally
 20366 | D:14     | Your ally Borgun died
 20492 | D:14     | Found a gate to the Vaults.
 20701 | D:15     | Entered Level 15 of the Dungeon
 20830 | D:15     | Reached skill level 15 in Invocations
 21262 | D:15     | Found a staircase to the Depths.
 22207 | Orc:1    | Entered Level 1 of the Orcish Mines
 22601 | Orc:2    | Entered Level 2 of the Orcish Mines
 22691 | Orc:2    | Found a roughly hewn altar of Beogh.
 22705 | Orc:2    | Found a roughly hewn altar of Beogh.
 22764 | Orc:2    | Found a staircase to the Elven Halls.
 22949 | Orc:2    | Gained Murdo as an ally
 22957 | Orc:2    | Reached skill level 15 in Fighting
 23227 | Orc:2    | Found a roughly hewn altar of Beogh.
 23424 | Orc:2    | Found Souphos's Armour Emporium.
 23630 | Orc:2    | Found Sytio's Antique Armour Emporium.
 23640 | Orc:2    | Found Vaanur's Assorted Antiques.
 23640 | Orc:2    | Found Jedosk's Assorted Antiques.
 23641 | Orc:2    | Found Imif's Book Emporium.
 23653 | Orc:2    | Bought a glowing kite shield for 247 gold pieces
 23991 | Spider:1 | Entered Level 1 of the Spider Nest
 24231 | Spider:1 | Gained Orkrul as an ally
 24241 | Spider:1 | Your ally Orkrul died
 24390 | Spider:1 | Noticed an emperor scorpion
 24394 | Spider:1 | Reached XP level 16. HP: 146/149 MP: 27/27
 24443 | Spider:1 | You fall into a shaft and drop 1 floor!
 24518 | Spider:2 | Identified the +3 falchion of War {flame, +Blink rElec}
 24542 | Spider:2 | Identified the scarf "Niek" {+Inv, rN+ Int+2}
 24666 | Spider:1 | Reached skill level 16 in Invocations
 25227 | Spider:2 | Gained Orkrul as an ally
 25410 | Spider:2 | Gained Ugbert as an ally
 25602 | Spider:2 | Gained Brandogh as an ally
 25608 | Spider:2 | Your ally Ugbert died
 26119 | Spider:3 | Identified the +7 flail "Dyteepn" {heavy, rPois rC- Str+3}
 26885 | Spider:4 | Entered Level 4 of the Spider Nest
 27029 | Spider:4 | Your ally Urug died
 27175 | Spider:4 | Noticed Asterion
 27176 | Spider:4 | Noticed an Executioner
 27180 | Spider:4 | Killed Asterion
 27181 | Spider:4 | Reached skill level 15 in Shields
 27181 | Spider:4 | Reached skill level 17 in Invocations
 27325 | Spider:4 | Reached skill level 15 in Armour
 27813 | Spider:4 | Noticed Donald
 27816 | Spider:4 | Killed Donald
 27932 | Spider:4 | Reached XP level 17. HP: 58/160 MP: 0/29
 27947 | Spider:4 | Your ally Murdo died
 28585 | Spider:4 | Got a gossamer rune of Zot
 28741 | Swamp:1  | Entered Level 1 of the Swamp
 29206 | Swamp:1  | Reached skill level 18 in Invocations
 29370 | Swamp:2  | Gained Orgrim as an ally
 29370 | Swamp:2  | Gained Judas as an ally
 29561 | Swamp:2  | Your ally Orgrim died
 29568 | Swamp:2  | Your ally Judas died
 31015 | Swamp:4  | Entered Level 4 of the Swamp
 31247 | Swamp:4  | Gained Morbeogh as an ally
 31271 | Swamp:4  | Your ally Morbeogh died
 31543 | Swamp:4  | Reached skill level 19 in Invocations
 31631 | Swamp:4  | Reached XP level 18. HP: 105/172 MP: 31/31
 31653 | Swamp:4  | Gained Koronagh as an ally
 31655 | Swamp:4  | Your ally Orkrul died
 31659 | Swamp:4  | Your ally Koronagh died
 31669 | Swamp:4  | Your ally Brandogh died
 31680 | Swamp:4  | Gained Marbaugh as an ally
 32098 | Swamp:4  | Got a decaying rune of Zot
 32586 | Vaults:1 | Entered Level 1 of the Vaults
 32775 | Vaults:2 | HP: 2/173 [ironbound frostheart (11)]
 33480 | Vaults:1 | Reached skill level 20 in Invocations
 33901 | Vaults:1 | HP: 5/176 [yaktaur captain (31)]
 33902 | Vaults:1 | Mangled by a yaktaur captain

Illustrated notes

Levels and vault maps discovered:
D:1:      spicycebolla_green_bress_n_ham, layout_basic, minmay_tromino_i2
D:2:      minmay_alternating_diamond, layout_rooms, basic_altar,
          basic_ecumenical_altar, minmay_increasing_density
D:3:      layout_loops_corners, lemuel_crystal_altar, uniq_sigmund
D:4:      layout_basic
D:5:      layout_cave_pools, serial_column_ruins, column_ruins_hut,
          column_ruins_circle_medium, column_ruins_corridor_dead_end,
          column_ruins_open_tiny, column_ruins_open_tiny,
          column_ruins_corridor_straight, column_ruins_grid_4,
          dilly_guarded_unrand_devastator
D:6:      layout_basic, minmay_temple_entry_antechambers, uniq_prince_ribbit1
D:7:      layout_basic, gammafunk_ghost_nasty_kobolds, reono_crystal_passage,
          nicolae_kite_square_tiling_tiny, serial_park_tiny_1,
          chequers_serial_rivers_room_a
D:8:      layout_layer_cave, grunt_gozag_breadcrumbs
D:9:      minmay_imperfect_grid, layout_stronghold,
          gammafunk_temple_overflow_pools, serial_shops,
          nicolae_shop_statue_plus
D:10:     layout_stronghold, minmay_lair_entry_grove, erik_orc_3
D:11:     layout_gridville, ploomutoo_gammafunk_ghost_potion_laboratory,
          uniq_grum, uniq_urug
D:12:     layout_rooms, minmay_fountain_box, guppyfry_shop_earth, uniq_lodul
D:13:     layout_stronghold
D:14:     layout_roguey, david_vaults_4, chequers_serial_rivers_marsh,
          blue_anna_alchemist, uniq_roxanne
D:15:     gammafunk_depths_entry_grave, layout_long_grid, minmay_parallelograms
Lair:1:   layout_loops_ring
Lair:2:   layout_chaotic_city, gammafunk_ghost_arena,
          nicolae_volcano_entry_s_turn, chequers_serial_rivers_large_a,
          st_stairs_8, uniq_maggie
Lair:3:   layout_small_grid, minmay_swamp_entry_worms,
          nicolae_spider_entry_lesser_pyramids, ice2_lemuel
Lair:4:   layout_cave_pods, dpeg_slime_entry_enclosed, basic_altar,
          serial_forest, infiniplex_forest_clump_large,
          infiniplex_forest_clump_double, infiniplex_forest_lined_room_2,
          infiniplex_forest_straight_4, infiniplex_forest_lined_corner,
          infiniplex_forest_diagonal, infiniplex_forest_clump_curved,
          infiniplex_forest_corner_1, beast_lair_carwin_4
Lair:5:   hangedman_lair_caniforms_friends, layout_hall_layers, wormcave,
          kennysheep_basilisk_garden
Swamp:1:  layout_basic_swamp, nicolae_swamp_fairy_circle
Swamp:2:  layout_falls_marsh, evilmike_swamp_ruin_wall
Swamp:3:  layout_basic_swamp, evilmike_swamp_ruin_house_3
Swamp:4:  swamp_basic_johnstein, layout_basic_swamp
Spider:1: layout_spider_delve, nicolae_spider_paper_wasps
Spider:2: layout_spider_delve
Spider:3: layout_spider_delve, hellmonk_narrow_tunnel
Spider:4: grunt_spider_rune_island, nicolae_spider_webs_and_nodes,
          nicolae_spider_moth_buddies, uniq_donald, uniq_asterion
Orc:1:    layout_caves
Orc:2:    st_orc_pillars, layout_caves, basic_altar, serial_shops,
          nicolae_shop_statue_plus, hangedman_feature_mirror
Vaults:1: vaults_standard_mumra_lines, nicolae_vaults_alarming,
          nicolae_vaults_doubleplus_tesselated, hangedman_vaults_stagger,
          nicolae_vaults_wrenched, nicolae_vaults_shipping_containers_4,
          hangedman_vaults_river_flow, nicolae_vaults_cochlea,
          ontoclasm_vaults_ligature, layout_vaults_ring
Vaults:2: vaults_dpeg_encased_lava, minmay_crypt_entry_vampire_xt,
          ontoclasm_vaults_tryst, v_misc_3, nicolae_vaults_tetromino_L_1,
          nicolae_vaults_heart-shaped_vault, nicolae_vaults_murderbox,
          layout_vaults_big_room, serial_shops,
          nicolae_shop_tiny_real_fake_doors, nicolae_shop_rolled_up,
          uniq_margery

Skill      XL: |  1  2  3  4  5  6  7  8  9 10 11 12 13 14 15 16 17 18 |
---------------+-------------------------------------------------------+-----
Axes           | 3 4 5 6 7 9 10 12 14 16 17 18 | 18.0
Fighting       | 4 5 6 7 8 10 11 12 13 15 16 18 19 | 19.1
Invocations    | 2 3 5 6 8 9 11 12 14 15 17 19 20 | 20.2
Armour         | 4 5 6 8 9 10 11 12 14 15 16 17 | 17.6
Shields        | 4 5 6 8 9 10 11 12 14 15 | 15.0

Action                     |  1- 3 |  4- 6 |  7- 9 | 10-12 | 13-15 | 16-18 || total
---------------------------+-------+-------+-------+-------+-------+-------++-------
  Melee: War axe           |    97 |   114 |   366 |   415 |       |       ||   992
         Broad axe         |       |       |       |    30 |   745 |   959 ||  1734
 Invoke: Convert to Beogh  |       |     1 |       |       |       |       ||     1
         Smiting           |       |       |       |     4 |    13 |    37 ||    54
         Recall Orcish Fol |       |       |       |       |     2 |    11 ||    13
         Give Item to Name |       |       |       |       |       |     2 ||     2
    Use: Scroll            |       |    14 |     3 |     7 |     5 |     5 ||    34
         Potion            |       |       |     1 |       |     3 |    18 ||    22
   Stab: Distracted        |       |       |       |     2 |     5 |     8 ||    15
         Confused          |       |       |       |       |       |     1 ||     1
         Invisible         |       |       |       |       |       |     3 ||     3
 Armour: Scale mail        |    63 |    23 |       |       |       |       ||    86
         Chain mail        |       |    60 |   179 |       |       |       ||   239
         Ice dragon scales |       |       |    34 |   184 |   414 |   590 ||  1222
  Dodge: Dodged            |    44 |    45 |   141 |   130 |   201 |   288 ||   849
  Block: Buckler           |    18 |    32 |   183 |   104 |       |       ||   337
         Reflection        |       |       |     4 |    13 |    11 |    10 ||    38
         Kite shield       |       |       |       |   149 |   576 |   886 ||  1611
